 Dungeon Crawl Stone Soup version 0.28.0-47-ge53b351184 (webtiles) character file.

Game seed: 14030448178092811368

3387 101zpm the Thaumaturge (level 10, -1/54 HPs)
             Began as a Djinni Fire Elementalist on May 6, 2022.
             Was a Believer of Hepliaklqana.
             Slain by an orc priest
             ... wielding a +0 dagger
              (3 damage)
             ... on level 9 of the Dungeon.
             The game lasted 00:26:04 (13169 turns).

101zpm the Thaumaturge (Djinni Fire Elementalist)  Turns: 13169, Time: 00:26:05

Health: -1/54      AC:  2    Str:  7    XL:     10   Next: 24%
Gold:   293        EV: 12    Int: 21    God:    Hepliaklqana [**....] SH:  0 Dex: 14

rFire   + + .      SeeInvis +   (no weapon)
rCold   . . .      Faith    .   (no shield)
rNeg    . . .      Spirit   .   a - +0 robe
rPois   ∞          Reflect  .   (no helmet)
rElec   .          Harm     .   (no cloak)
rCorr   .          Rampage  .   (no gloves)
Will    +....                   (boots unavailable)
Stlth   ++........              (no amulet)
HPRegen 0.18/turn               u - ring of protection from cold
MPRegen 0.00/turn               A - ring of see invisible

@: flying
A: reduced essence, sickness immunity, fire resistance 2, cold vulnerability 1,
float, innate caster, HP casting, extra vitality 1
a: Renounce Religion, Ancestor Life: Knight, Ancestor Life: Battlemage, Ancestor
Life: Hexer, Recall Ancestor, Ancestor Identity


You were on level 9 of the Dungeon.
You worshipped Hepliaklqana.
Hepliaklqana was pleased with you.
You visited 2 branches of the dungeon, and saw 10 of its levels.

You collected 293 gold pieces.

Inventory:

Hand Weapons
 t - a +3 quarterstaff of chaos
Missiles
 z - a throwing net
Armour
 a - a +0 robe (worn)
Jewellery
 u - a ring of protection from cold (left hand)
 A - a ring of see invisible (right hand)
Wands
 v - a wand of iceblast (13)
 x - a wand of flame (24)
 y - a wand of mindburst (3)
 C - a wand of paralysis (3)
Scrolls
 d - 2 scrolls of teleportation
 f - a scroll of torment
 k - a scroll of holy word
 l - 7 scrolls of identify
 o - 2 scrolls of noise
 s - a scroll of vulnerability
 B - a scroll of magic mapping {unknown}
Potions
 b - a potion of brilliance {unknown}
 c - 3 potions of curing {unknown}
 e - 3 potions of attraction {unknown}
 g - 2 potions of heal wounds {unknown}
 h - a potion of haste {unknown}
 i - 2 potions of might {unknown}
 j - a potion of resistance {unknown}
 m - a potion of ambrosia {unknown}
 n - a potion of invisibility {unknown}
 p - a potion of mutation {unknown}
 q - a potion of experience {unknown}
 r - a potion of degeneration {unknown}
 w - a potion of flight {unknown}


   Skills:
 + Level 0.4 Fighting
 + Level 2.8 Dodging
 + Level 3.8 Stealth
 + Level 10.5 Spellcasting


You had 8 spell levels left.
You knew the following spells:

 Your Spells              Type           Power      Damage    Failure   Level
a - Foxfire               Conj/Fire      100%       2x1d9     1%          1
b - Scorch                Fire           100%       2d10      1%          2
c - Conjure Flame         Conj/Fire      53%        6-21      1%          3
d - Inner Flame           Hex/Fire       53%        N/A       1%          3
e - Flame Wave            Conj/Fire      53%        2d11      1%          4
f - Sting                 Tmut/Pois      100%       1d8       1%          1
g - Passwall              Tmut/Erth      44%        N/A       1%          2
h - Dazzling Flash        Conj/Hex       100%       N/A       1%          3
i - Confusing Touch       Hex            53%        N/A       1%          3
Your spell library was empty.

Dungeon Overview and Level Annotations

Branches:
Dungeon (9/15)             Temple (1/1) D:5             Orc (0/2) D:9
   Lair: D:8-11

Altars:
Ashenzari
Cheibriados
Dithmenos
Elyvilon
Fedhas
Gozag
Hepliaklqana
Kikubaaqudgha
Makhleb
Nemelex Xobeh
Okawaru
Qazlal
Ru
Sif Muna
Trog
Uskayaw
Vehumet
Wu Jian
Xom
Yredelemnul
Zin
The Shining One


Innate Abilities, Weirdness & Mutations

Your life essence is reduced to manifest your ancestor. (-10% HP)
You are immune to sickness and miasma.
You are immune to poison.
Your flesh is very heat resistant. (rF++)
You are vulnerable to cold. (rC-)
You float through the air rather than walking.
You learn spells naturally, not from books.
Your magical power is your life essence.
You have superior vitality. (+4 MHP)


Message History

The ogre zombie hits you but does no damage.
A goblin zombie comes into view.
The goblin skeleton misses you. The ogre zombie hits you.
* * * LOW HITPOINT WARNING * * *
The hobgoblin zombie closely misses you.
A phantom comes into view.
You see here 3 gold pieces.
An orc priest comes into view. It is wielding a +0 dagger.
A shadow, an ogre zombie and a phantom come into view.
Found a staircase to the Orcish Mines.
The orc priest shouts!
The goblin zombie barely misses you.
An orc skeleton comes into view.
Found 16 gold pieces.
The ogre zombie hits you!
* * * LOW HITPOINT WARNING * * *
An orc zombie and an ogre zombie come into view.
The centaur zombie's inner flame fades away.
An orc zombie comes into view.
An orc skeleton comes into view.
Casting: Foxfire (safe; 1% risk of failure)
Confirm with . or Enter, or press ? or * to list all spells.
Flames lash the orc priest.
The orc priest is lightly wounded.
The orc priest's fire resistance burns away.
* * * LOW HITPOINT WARNING * * *
The orc priest barely misses you.
Casting: Scorch (safe; 1% risk of failure)
Confirm with . or Enter, or press ? or * to list all spells.
Flames lash the orc priest.
The orc priest is burned terribly!
The orc priest is heavily wounded.
* * * LOW HITPOINT WARNING * * *
An orc zombie comes into view.
The orc priest closely misses you.
An orc zombie comes into view.
Casting: Foxfire (safe; 1% risk of failure)
Press: ? - help, Q - select action, (/) - cycle Dir - look around, f - activate You conjure some foxfire!
* * * LOW HITPOINT WARNING * * *
The orc priest hits you with a +0 dagger.
You die...

#.#.....#...........#
#.#.....#...........#
##.#.....#...........#
...#######.#####......
....)......## #
..#######...## ### .#
..#.....#.....##.# #.#
..'.....#..##..v.##..###
..#.....#)..##..@v.....#
..#.....#..##.#.#o#$##Z.
..#.....#..# #.#..#..#.#
..##....'..# #.#.#Z...#
...#...##..# #
##.Z##.Z.W ...#...#...##
#.#...#.#. .. #...#....#
##Z###ZZ#. # #...#....#
#ZZZ.....Z.. ....#....#
#..#W##ZZ.### #


You could see an orc priest (combustible, ally target), 3 orc zombies and an orc
skeleton.

Vanquished Creatures
  Pikel (D:5)
  3 yaks
  A water moccasin (D:5)
  2 orc warriors
  A black bear (D:6)
  3 necrophages
  An ogre (D:4)
  A kobold brigand (D:6)
  A gnoll sergeant (D:9)
  2 bullfrogs
  A wyvern zombie (D:7)
  A scorpion (D:4)
  A water moccasin skeleton (D:4)
  2 howler monkeys
  7 wights (D:8)
  3 centaur zombies
  An orc priest (D:5)
  A hound (D:5)
  3 gnoll shamans
  Crazy Yiuf (D:4)
  A centaur skeleton (D:5)
  Jessica (D:3)
  An iguana (D:6)
  4 orc wizards
  An ogre zombie (D:9)
  3 howler monkey zombies
  22 gnolls
  A howler monkey skeleton (D:4)
  5 adders
  A shadow imp (D:7)
  2 white imps (D:5)
  A worm (D:4)
  6 dart slugs
  28 orcs
  6 ball pythons
  9 bats
  4 endoplasms
  7 giant cockroaches
  4 goblins
  5 hobgoblins
  3 jackals (D:2)
  9 kobolds
  2 quokkas (D:1)
  4 frilled lizards
  2 orc skeletons (D:9)
  2 orc zombies (D:9)
  A quokka skeleton (D:4)
  4 rats (D:1)
176 creatures vanquished.

Vanquished Creatures (collateral kills)
  A howler monkey (D:7)
  2 foxfires (D:3)
3 creatures vanquished.

Vanquished Creatures (others)
  788 foxfires
  5 plants (D:3)
793 creatures vanquished.

Grand Total: 972 creatures vanquished

Notes
Turn   | Place    | Note
-------+----------+-------------------------------------------
     0 | D:1      | 101zpm the Djinni Fire Elementalist began the quest for the
                  | Orb.
     0 | D:1      | Reached XP level 1. HP: 15/15 MP: 0/0
   326 | D:1      | Reached XP level 2. HP: 17/21 MP: 0/0
   861 | D:1      | Reached skill level 3 in Spellcasting
  1126 | D:1      | Reached XP level 3. HP: 20/25 MP: 0/0
  1126 | D:1      | Learned a level 1 spell: Sting
  1421 | D:1      | Found a faded altar of an unknown god.
  2326 | D:2      | Reached XP level 4. HP: 24/31 MP: 0/0
  3248 | D:3      | Found a snail-covered altar of Cheibriados.
  3288 | D:3      | Reached skill level 4 in Spellcasting
  3288 | D:3      | Reached XP level 5. HP: 22/35 MP: 0/0
  3288 | D:3      | Learned a level 2 spell: Passwall
  3659 | D:3      | Noticed Jessica
  3661 | D:3      | Killed Jessica
  4326 | D:4      | Reached XP level 6. HP: 25/40 MP: 0/0
  4339 | D:4      | Noticed a necrophage
  4345 | D:4      | Noticed an ogre
  4346 | D:4      | Killed a necrophage
  4347 | D:4      | Reached skill level 5 in Spellcasting
  4897 | D:4      | Found a runed translucent door.
  4906 | D:4      | Noticed Crazy Yiuf
  4957 | D:4      | Noticed a necrophage
  4962 | D:4      | Killed a necrophage
  4963 | D:4      | Reached XP level 7. HP: 26/45 MP: 0/0
  4963 | D:4      | Learned a level 3 spell: Dazzling Flash
  5659 | D:4      | Reached skill level 6 in Spellcasting
  6039 | D:4      | Killed Crazy Yiuf
  6367 | D:5      | Entered Level 5 of the Dungeon
  6702 | D:5      | Reached XP level 8. HP: 35/50 MP: 0/0
  7189 | D:5      | Reached skill level 7 in Spellcasting
  7378 | D:5      | Found a staircase to the Ecumenical Temple.
  7454 | Temple   | Entered the Ecumenical Temple
  7757 | Temple   | Became a worshipper of Hepliaklqana the Forgotten
  7919 | D:5      | Noticed Pikel
  7926 | D:5      | Killed Pikel
  7927 | D:5      | Reached skill level 8 in Spellcasting
  7927 | D:5      | Reached XP level 9. HP: 6/55 MP: 0/0
  7927 | D:5      | Learned a level 3 spell: Confusing Touch
  9313 | D:6      | Reached skill level 9 in Spellcasting
  9539 | D:6      | Reached * piety under Hepliaklqana
 10280 | D:6      | Identified the +7 dagger of Kawe {freeze, rElec rCorr
                  | Stlth-}
 11564 | D:8      | Reached XP level 10. HP: 31/54 MP: 0/0
 11582 | D:8      | Reached skill level 10 in Spellcasting
 12097 | D:8      | Reached ** piety under Hepliaklqana
 12610 | D:8      | You are sucked into a shaft and drop 1 floor!
 13130 | D:9      | Noticed an unseen horror
 13130 | D:9      | Noticed a two-headed ogre
 13159 | D:9      | Found a staircase to the Orcish Mines.
 13169 | D:9      | Slain by an orc priest

Illustrated notes

Levels and vault maps discovered:
D:1:      psy_arrival_whirlpool, layout_loops_ring,
          shapermc_ecumenical_altar_notcrosses
D:2:      layout_basic
D:3:      layout_basic, cheibriados_altar_1, nicolae_grassy_gnolls, uniq_jessica
D:4:      layout_loops_ring, uniq_crazy_yiuf_cottage
D:5:      layout_gridville, minmay_temple_entry_grid, serial_rivers,
          chequers_serial_rivers_room_a, chequers_serial_rivers_room_b,
          chequers_serial_rivers_small_b, chequers_serial_rivers_micro_e,
          gup_sewer_entry_glass, uniq_pikel
D:6:      layout_layer_cave, hangedman_decor_slide_cut
D:7:      layout_basic, gammafunk_ghost_nasty_kobolds, sword_in_stone
D:8:      layout_cave_pools
D:9:      layout_irregular_city, dpeg_lair_monsters, zombieorc1_lemuel
Temple:   roderic_octagonal_lattice_temple

Skill      XL: |  1  2  3  4  5  6  7  8  9 10 |
---------------+-------------------------------+-----
Spellcasting   | 3 4 5 6 8 9 10 | 10.5
Stealth        | 2 3 |  3.8
Fighting       | |  0.4
Dodging        | |  2.8

Action                   |  1- 3 |  4- 6 |  7- 9 | 10-12 || total
-------------------------+-------+-------+-------+-------++-------
Melee: Unarmed           |     1 |       |       |       ||     1
 Cast: Foxfire           |    87 |   106 |   210 |    94 ||   497
       Scorch            |    21 |    18 |    26 |     4 ||    69
       Inner Flame       |       |    13 |    61 |    33 ||   107
       Dazzling Flash    |       |       |       |     1 ||     1
  Use: Scroll            |       |       |     2 |     3 ||     5
Armor: Robe              |       |       |     3 |     1 ||     4
Dodge: Dodged            |     3 |     1 |    15 |    17 ||    36
